 Dungeon Crawl Stone Soup version 0.28.0 (webtiles) character file.

Game seed: 14391484695871163570

130 Ajdolov the Digger (level 5, -2/46 HPs)
             Began as an Octopode Earth Elementalist on Feb 12, 2022.
             Slain by Grinder (5 damage)
             ... while paralysed by Grinder
             ... on level 3 of the Dungeon.
             The game lasted 00:03:59 (1857 turns).

Ajdolov the Digger (Octopode Earth Elementalist)    Turns: 1857, Time: 00:04:00

Health: -2/46      AC: 22    Str:  7    XL:     5   Next: 14%
Magic:  3/8        EV:  2    Int: 19    God:
Gold:   115        SH:  0    Dex: 17    Spells: 4/8 levels left

rFire   + . .      SeeInvis .   g - +4 great sword "Yjomedem" {vorpal, rF+ rC+ Dex+4}
rCold   + + .      Faith    .   (shield currently unavailable)
rNeg    . . .      Spirit   .   (helmet currently unavailable)
rPois   +          Reflect  .   (no amulet)
rElec   .          Harm     .   f - ring of protection from cold
rCorr   .          Rampage  .   (no ring)
Will    .....      NoTele   +   (no ring)
Stlth   ++........              (no ring)
HPRegen 0.15/turn               (no ring)
MPRegen 0.11/turn               (no ring)
                                (no ring)
                                (no ring)

@: paralysed, tree-form, attractive
A: stationary, stasis, torment immunity, boosted hp, almost no armour,
(amphibious), 8 rings, (camouflage 1), (gelatinous body 1), (nimble swimmer 1),
(tentacles), (antennae 1), deterioration 1
a: no special abilities


You were on level 3 of the Dungeon.
You were a tree.
You visited 1 branch of the dungeon, and saw 3 of its levels.

You collected 115 gold pieces.

Inventory:

Hand Weapons
 g - the +4 great sword "Yjomedem" (weapon) {vorpal, rF+ rC+ Dex+4}
   (You found it on level 1 of the Dungeon)

   It inflicts extra damage upon your enemies.
   Dex:       It affects your dexterity (+4).
   rF:        It protects you from fire.
   rC:        It protects you from cold.
Missiles
 b - 34 stones
 h - a throwing net
Jewellery
 f - a ring of protection from cold (left branch)
Scrolls
 a - 3 scrolls of identify {unknown}
 c - a scroll of amnesia {unknown}
 k - a scroll of enchant armour {unknown}
 l - a scroll of fear {unknown}
Potions
 d - a potion of flight
 e - 2 potions of mutation
 i - a potion of lignification
 j - a potion of attraction
 m - a potion of heal wounds {unknown}


   Skills:
 - Level 2.0 Dodging
 - Level 2.6 Stealth
 - Level 2.0 Spellcasting
 * Level 2.4 Conjurations
 - Level 1.0 Transmutations
 * Level 4.9 Earth Magic


You had 4 spell levels left.
You knew the following spells:

 Your Spells              Type           Power      Damage    Failure   Level
a - Sandblast             Erth           40%        2d10      2%          1
b - Stone Arrow           Conj/Erth      30%        3d8       11%         3

Your spell library contained the following spells:

 Spells                   Type           Power      Damage    Failure   Level
 Passwall                 Tmut/Erth      10%        N/A       8%          2
 Petrify                  Tmut/Erth      13%        N/A       43%         4
 Gell's Gravitas          Tloc           1%         N/A       45%         3
 Teleport Other           Tloc           1%         N/A       45%         3
 Dispersal                Tloc           0%         N/A       100%        6


Dungeon Overview and Level Annotations

Branches:
Dungeon (3/15)

Altars:
Makhleb

Annotations:
D:3 Grinder


Innate Abilities, Weirdness & Mutations

You are a tree.
Your roots penetrate the ground, keeping you stationary.
You cannot be teleported.
You are immune to unholy pain and torment.
Your maximum health is greatly increased.
You cannot wear most types of armour.
((You are amphibious.))
You can wear up to eight rings at the same time.
((Your skin changes colour to match your surroundings (Stealth+).))
((Your rubbery body absorbs attacks. (AC +1, EV +1)))
((You are camouflaged when in or above water. (Stealth+)))
((You have tentacles for arms and can constrict up to eight enemies at once.))
((You have a pair of small antennae on your head.))
Your body sometimes deteriorates upon taking damage.


Message History

The orc wizard hits you with a +0 dagger.
* * * LOW HITPOINT WARNING * * *
Aiming: Sandblast (safe; 2% risk of failure)
Press: ? - help, Q - select action, (/) - cycle Shift-Dir - straight line, f/p - orc wizard
Aim: an orc wizard, wielding a +0 dagger and wearing a +0 robe (almost dead, 76% to hit)
The blast of sand hits the orc wizard!
You kill the orc wizard!
Grinder blinks! x2
You have reached level 5!
You feel agile.
Found a stone staircase leading down.
The orc throws a boomerang.
The boomerang barely misses you.
Found a stone staircase leading down.
Found a potion of haste.
The orc throws a boomerang.
The boomerang misses you.
You see here a ring of see invisible.
The orc throws a boomerang.
The boomerang closely misses you.
You see here a scroll labelled YRPHUP GIK AZI.
It was a potion of mutation.
You feel extremely strange. A pair of antennae grows on your head!
You feel yourself wasting away.
A kobold comes into view. It is wielding a +0 club.
It was a potion of flight.
You feel very buoyant.
You fly up into the air.
It was a potion of lignification.
You turn into a tree.
Your roots penetrate the ground.
Grinder says, "FISH!"
It was a potion of attraction.
You feel attractive to monsters. Grinder gestures at you.
You suddenly lose the ability to move!
Grinder is attracted toward you. The kobold is attracted toward you.
The kobold shouts!
Grinder hits you but does no damage. Grinder hits you but does no damage. x3
Grinder barely misses you. Grinder hits you but does no damage.
Grinder hits you but does no damage. Grinder hits you.
* * * LOW HITPOINT WARNING * * *
You writhe in agony.
You die...

.#### .# #..#.#
.# ..####.
#..#.#
.#######........
...#.#
...5...5.o......
##.##..
######.##.###.>#
### #.# #.># #o#
#..#
#o##.###.o####.#
#.##....oK5♣.!.#
#o######.o######
#.# #..# ##.##
#..#
.###.§.#####oo#
.........oo)o..#
..###...########
##.## #.#


You could see Grinder (fast), 3 orcs and a kobold.

Vanquished Creatures
  An orc wizard (D:3)
  6 adders (D:2)
  A worm (D:2)
  2 dart slugs
  3 endoplasms
  4 giant cockroaches (D:1)
  2 hobgoblins
  A jackal (D:1)
  3 quokkas
  5 ball pythons
  4 bats
  5 frilled lizards
  3 goblins
  4 kobolds
  5 rats
49 creatures vanquished.

Notes
Turn   | Place    | Note
-------+----------+-------------------------------------------
     0 | D:1      | Ajdolov the Octopode Earth Elementalist began the quest for
                  | the Orb.
     0 | D:1      | Reached XP level 1. HP: 11/11 MP: 3/3
     5 | D:1      | Found a faded altar of an unknown god.
   146 | D:1      | Reached XP level 2. HP: 17/17 MP: 3/5
   657 | D:1      | Identified the +4 great sword "Yjomedem" {vorpal, rF+ rC+
                  | Dex+4}
   778 | D:1      | Reached skill level 4 in Earth Magic
   842 | D:1      | Reached XP level 3. HP: 21/21 MP: 6/6
   846 | D:1      | Learned a level 3 spell: Stone Arrow
  1073 | D:2      | Reached skill level 1 in Conjurations
  1215 | D:2      | Reached XP level 4. HP: 24/27 MP: 2/7
  1388 | D:2      | Found a burning altar of Makhleb.
  1799 | D:3      | Noticed Grinder
  1842 | D:3      | Reached XP level 5. HP: 2/31 MP: 1/8
  1848 | D:3      | Gained mutation: You have a pair of small antennae on your
                  | head. [potion of mutation]
  1848 | D:3      | Gained mutation: Your body sometimes deteriorates upon
                  | taking damage. [potion of mutation]
  1851 | D:3      | Paralysed by Grinder for 7 turns
  1857 | D:3      | Slain by Grinder

Illustrated notes

Levels and vault maps discovered:
D:1:      giann_forest_graveyard, layout_rooms, basic_ecumenical_altar,
          dk_noncrumbling_4, minmay_pentomino_u4
D:2:      layout_basic, basic_altar
D:3:      layout_loops_ring, uniq_grinder

Skill      XL: |  1  2  3  4 |
---------------+-------------+-----
Earth Magic    | 4 |  4.9
Conjurations   | 1 2 |  2.4
Dodging        | |  2.0
Stealth        | |  2.6
Spellcasting   | |  2.0
Transmutations | |  1.0

Action                   |  1- 3 |  4- 6 || total
-------------------------+-------+-------++-------
Melee: Unarmed           |    13 |       ||    13
       Constrict         |     6 |     7 ||    13
       Tentacles         |     8 |     2 ||    10
       Rapier            |     6 |       ||     6
       Dagger            |     5 |       ||     5
       Great sword       |     8 |    24 ||    32
 Cast: Sandblast         |    19 |     8 ||    27
  Use: Potion            |       |     4 ||     4
 Stab: Sleeping          |     5 |     7 ||    12
Armor: Skin              |     8 |     6 ||    14
Dodge: Dodged            |    28 |    17 ||    45
